 Dungeon Crawl Stone Soup version 0.29.1-15-g9cfb28693d (webtiles) character file.

Game seed: 5635926489259935801

5 Berahthraban the Insei (level 1, -1/17 HPs)
             Began as a Djinni Transmuter on Apr 9, 2023.
             Frozen to death by an endoplasm (6 damage)
             ... on level 1 of the Dungeon.
             The game lasted 00:03:07 (307 turns).

Berahthraban the Insei (Djinni Transmuter)           Turns: 307, Time: 00:03:08

Health: -1/17      AC:  3    Str:  9    XL:     1   Next: 88%
Gold:   16         EV: 12    Int: 14    God:
                   SH:  0    Dex: 13

rFire   + + .      SeeInvis .     - Unarmed
rCold   x . .      Faith    .   (no shield)
rNeg    . . .      Spirit   .   a - +0 robe
rPois   ∞          Reflect  .   (helmet currently unavailable)
rElec   .          Harm     .   (no cloak)
rCorr   .          Rampage  .   d - +0 pair of gloves
Will    .....                   (boots unavailable)
Stlth   +.........              (no amulet)
HPRegen 0.05/turn               (no ring)
MPRegen 0.00/turn               (no ring)

@: appendages (expiring), flying
A: horns 2, flying, sickness immunity, fire resistance 2, cold vulnerability 1,
float, innate caster, HP casting, extra vitality 1
a: End Transformation


You were on level 1 of the Dungeon.
You had temporarily grown beastly horns.
You visited 1 branch of the dungeon, and saw 1 of its levels.

You collected 16 gold pieces.

Inventory:

Missiles
 c - 2 stones (quivered)
Armour
 a - a +0 robe (worn)
 d - a +0 pair of gloves (worn)
Jewellery
 e - a ring of fire
Potions
 b - a potion of lignification


   Skills:
 + Level 1.2 Fighting
 + Level 2.3 Dodging
 + Level 3.1 Unarmed Combat
 + Level 1.6 Spellcasting


You couldn't memorise any spells.
You knew the following spells:

 Your Spells              Type           Power      Damage    Failure   Level
b - Wereblood             Tmut           5%         N/A       19%         2
c - Spider Form           Tmut/Pois      5%         N/A       36%         3
d - Ice Form              Ice/Tmut       5%         N/A       77%         4
z - Beastly Appendage     Tmut           10%        N/A       12%         1
Your spell library was empty.

Dungeon Overview and Level Annotations

Branches:
Dungeon (1/15)

Altars:


Innate Abilities, Weirdness & Mutations

You have temporarily grown beastly horns.
You are flying.
You are immune to sickness and miasma.
You are immune to poison.
Your flesh is very heat resistant. (rF++)
You are vulnerable to cold. (rC-)
You float through the air rather than walking.
You learn spells naturally, not from books.
Your magical power is your life essence.
You have superior vitality. (+4 MHP)


Message History

Your transformation is almost over.
The hobgoblin hits you.
You hit the hobgoblin.
You kill the hobgoblin!
You start resting.
Your horns disappear.
HP restored.
You start resting.
HP restored.
e - a ring of fire A hobgoblin comes into view.
Casting: Beastly Appendage (safe; 13% risk of failure)
Confirm with . or Enter, or press ? or * to list all spells.
You grow a pair of large bovine horns.
You barely miss the hobgoblin. The hobgoblin closely misses you.
You closely miss the hobgoblin. You punch the hobgoblin.
The hobgoblin is severely wounded.
The hobgoblin barely misses you.
You hit the hobgoblin.
You kill the hobgoblin!
Your transformation is almost over.
An endoplasm comes into view.
The endoplasm quivers.
You see here a viscous clear potion.
You hit the endoplasm.
The endoplasm is moderately wounded.
The endoplasm freezes you.
You are frozen.
You feel a terrible chill!
Unknown command.
You barely miss the endoplasm.
The endoplasm is moderately wounded.
The endoplasm freezes you.
You are frozen.
You feel a terrible chill!
* * * LOW HITPOINT WARNING * * *
Unknown command.
You hit the endoplasm.
The endoplasm is heavily wounded.
The endoplasm freezes you.
You are frozen.
You feel a terrible chill!
You die...

.. .... #.... .... #...
.... #... .... . ...
.... ..### #.. ....
....# #.# . ....
#..#####J# ..#
....######.....#@#..#..
...............!........
.....######.......#.##..
......# #........# .#
....#.####.##..........
.#.................#....
.#..##...#######...# ..#
##....#..# #..... .
.........# .....


You could see an endoplasm.

Vanquished Creatures
  An endoplasm (D:1)
  2 hobgoblins (D:1)
  A frilled lizard (D:1)
  A rat (D:1)
5 creatures vanquished.

Notes
Turn   | Place    | Note
-------+----------+-------------------------------------------
     0 | D:1      | Berahthraban the Djinni Transmuter began the quest for the
                  | Orb.
     0 | D:1      | Berahthraban set off with the following spells memorised:
                  | Beastly Appendage, Wereblood, Spider Form, Ice Form.
     0 | D:1      | Reached XP level 1. HP: 17/17 MP: 0/0
   307 | D:1      | Frozen to death by an endoplasm

Illustrated notes

Levels and vault maps discovered:
D:1:      eino_arrival_water_cross, layout_rooms, ebering_ecumenical_altar_rust,
          minmay_split_cup_large

Action                   || total
-------------------------++-------
Melee: Unarmed           ||    15
       Headbutt          ||     2
       Punch             ||     1
 Cast: Beastly Appendage ||     4
Armor: Robe              ||     1
Dodge: Dodged            ||     4
